2160 views
Uploaded 2023-08-12 03:54:33
Game version 1.36 (6115)
40:10 long 3on3 ladder game on (6)RuinsOfStratholme
Saved by GIGA
2160 views
Uploaded 2023-08-12 03:54:33
Game version 1.36 (6115)
40:10 long 3on3 ladder game on (6)RuinsOfStratholme


214 units @ 28.7k
/ 4k
94 buildings @ 17k
/ 8.6k



| Potion of Healing | 1 | 150 |
| Scroll of Town Portal | 6 | 2100 |
| total: | 7 | 2250g |
| Wisp | 40 | 2400 | / | 0 |
| Archer | 3 | 390 | / | 30 |
| Chimaera | 17 | 5610 | / | 1190 |
| Glaive Thrower | 7 | 1470 | / | 455 |
| Hippogryph | 12 | 1920 | / | 240 |
| Dryad | 3 | 435 | / | 180 |
| total: | 82 | 12225g | / | 2095w |
| Ancient Protector | 10 | 1350 | / | 800 |
| Altar of Elders | 2 | 360 | / | 100 |
| Moon Well | 7 | 1260 | / | 280 |
| Ancient of War | 2 | 300 | / | 120 |
| Hunter's Hall | 1 | 210 | / | 100 |
| Tree of Life | 7 | 2380 | / | 1295 |
| Ancient of Wonders | 1 | 90 | / | 30 |
| Ancient of Wind | 2 | 300 | / | 280 |
| Ancient of Lore | 1 | 155 | / | 145 |
| Chimaera Roost | 4 | 560 | / | 760 |
| Tree of Ages | 1 | 320 | / | 180 |
| Tree of Eternity | 1 | 330 | / | 200 |
| Altar of Storms | 1 | 180 | / | 50 |
| total: | 38 | 7145g | / | 3960w |
| 0:04 | Wisp |
| 0:04 | Wisp |
| 0:09 | Altar of Elders |
| 0:16 | Moon Well |
| 0:26 | Altar of Storms |
| 0:40 | Wisp |
| 0:40 | Wisp |
| 0:40 | Wisp |
| 1:13 | Ancient of War |
| 1:34 | Wisp |
| 1:34 | Wisp |
| 1:34 | Wisp |
| 1:34 | Wisp |
| 1:43 | Moon Well |
| 2:34 | Archer |
| 2:37 | Wisp |
| 2:37 | Wisp |
| 2:37 | Wisp |
| 2:51 | Force of Nature |
| 2:57 | Tree of Ages |
| 2:59 | Archer |
| 3:18 | Moon Well |
| 3:50 | Hunter's Hall |
| 3:55 | Archer |
| 4:30 | Tree of Life |
| 4:58 | Ancient Protector |
| 5:13 | Entangling Roots |
| 5:41 | Tree of Eternity |
| 5:47 | Ancient of Wind |
| 6:03 | Ultravision |
| 6:08 | Moon Well |
| 6:31 | Healing Wave |
| 6:55 | Wisp |
| 6:55 | Wisp |
| 6:56 | Wisp |
| 6:56 | Wisp |
| 6:56 | Wisp |
| 6:56 | Wisp |
| 6:56 | Wisp |
| 7:32 | Strength of the Wild |
| 8:04 | Chimaera Roost |
| 8:07 | Chimaera Roost |
| 8:11 | Chimaera Roost |
| 8:13 | Wisp |
| 8:13 | Wisp |
| 8:58 | Chimaera Roost |
| 9:08 | Wisp |
| 9:08 | Wisp |
| 9:09 | Wisp |
| 9:18 | Ancient of Wonders |
| 9:35 | Corrosive Breath |
| 9:35 | Chimaera |
| 9:41 | Trueshot Aura |
| 9:44 | Scroll of Town Portal |
| 9:52 | Chimaera |
| 9:57 | Wisp |
| 9:58 | Wisp |
| 10:13 | Moon Well |
| 10:20 | Moon Well |
| 10:36 | Vorpal Blades |
| 10:54 | Force of Nature |
| 11:07 | Tree of Life |
| 11:15 | Chimaera |
| 11:21 | Moon Well |
| 11:57 | Mana Burn |
| 12:16 | Chimaera |
| 12:21 | Nature's Blessing |
| 12:43 | Searing Arrows |
| 12:56 | Chimaera |
| 13:00 | Chimaera |
| 13:21 | Glaive Thrower |
| 13:26 | Well Spring |
| 13:33 | Reinforced Hides |
| 13:59 | Chimaera |
| 14:04 | Wisp |
| 14:04 | Wisp |
| 14:04 | Wisp |
| 14:05 | Wisp |
| 14:34 | Immolation |
| 14:46 | Chimaera |
| 14:50 | Glaive Thrower |
| 15:46 | Chimaera |
| 16:17 | Hippogryph |
| 16:20 | Chimaera |
| 17:02 | Scroll of Town Portal |
| 17:05 | Chimaera |
| 17:23 | Tree of Life |
| 17:32 | Chimaera |
| 17:35 | Hippogryph |
| 17:49 | Improved Strength of the Wild |
| 17:51 | Improved Reinforced Hides |
| 17:59 | Wisp |
| 17:59 | Wisp |
| 17:59 | Wisp |
| 17:59 | Wisp |
| 17:59 | Wisp |
| 18:03 | Wisp |
| 18:03 | Wisp |
| 18:12 | Glaive Thrower |
| 18:47 | Chimaera |
| 19:48 | Ancient Protector |
| 19:52 | Wisp |
| 19:52 | Wisp |
| 19:55 | Ancient Protector |
| 20:08 | Chimaera |
| 20:10 | Advanced Reinforced Hides |
| 20:20 | Ancient Protector |
| 20:36 | Ancient Protector |
| 20:59 | Ancient of Lore |
| 21:01 | Hippogryph |
| 21:03 | Scroll of Town Portal |
| 21:39 | Hippogryph |
| 21:40 | Hippogryph |
| 21:46 | Advanced Strength of the Wild |
| 22:59 | Chimaera |
| 23:40 | Hippogryph |
| 23:42 | Abolish Magic |
| 23:43 | Dryad |
| 24:02 | Wisp |
| 24:16 | Strength of the Moon |
| 24:20 | Ancient Protector |
| 24:25 | Ancient Protector |
| 24:33 | Thorns Aura |
| 24:37 | Trueshot Aura |
| 24:55 | Hippogryph |
| 24:55 | Hippogryph |
| 24:58 | Ancient of Wind |
| 25:16 | Moon Armor |
| 25:23 | Dryad |
| 25:39 | Altar of Elders |
| 25:47 | Scroll of Town Portal |
| 25:48 | Potion of Healing |
| 26:05 | Hippogryph |
| 26:25 | Improved Strength of the Moon |
| 26:28 | Improved Bows |
| 26:29 | Marksmanship |
| 26:33 | Hippogryph |
| 26:34 | Dryad |
| 27:03 | Ancient Protector |
| 27:17 | Scroll of Town Portal |
| 28:02 | Ancient Protector |
| 28:20 | Scroll of Town Portal |
| 28:31 | Chimaera |
| 28:36 | Hippogryph |
| 29:28 | Chimaera |
| 29:31 | Glaive Thrower |
| 30:10 | Glaive Thrower |
| 30:10 | Glaive Thrower |
| 31:08 | Ancient Protector |
| 32:56 | Tree of Life |
| 33:04 | Tree of Life |
| 34:07 | Mana Burn |
| 34:31 | Ancient of War |
| 36:21 | Glaive Thrower |
| 36:50 | Tree of Life |
| 37:16 | Hippogryph |
| 37:48 | Tree of Life |
| Right click | 1354 |
| Select group | 1060 |
| Select | 521 |
| Assign group | 232 |
| Build/train/purchase | 133 |
| Use ability | 52 |
| Minimap ping | 7 |
| Remove unit | 3 |

| Potion of Mana | 1 | 200 |
| Scroll of Town Portal | 5 | 1750 |
| Potion of Lesser Invulnerability | 2 | 300 |
| Boots of Speed | 1 | 250 |
| Scroll of Speed | 1 | 50 |
| Orb of Lightning | 1 | 375 |
| total: | 11 | 2925g |
| Wisp | 34 | 2040 | / | 0 |
| Archer | 32 | 4160 | / | 320 |
| Hippogryph | 20 | 3200 | / | 400 |
| Peon | 17 | 1275 | / | 0 |
| Wind Rider | 11 | 2915 | / | 440 |
| Troll Batrider | 18 | 2880 | / | 720 |
| total: | 132 | 16470g | / | 1880w |
| Ancient Protector | 18 | 2430 | / | 1440 |
| Moon Well | 7 | 1260 | / | 280 |
| Altar of Elders | 2 | 360 | / | 100 |
| Ancient of War | 1 | 150 | / | 60 |
| Tree of Life | 6 | 2040 | / | 1110 |
| Hunter's Hall | 1 | 210 | / | 100 |
| Ancient of Wind | 2 | 300 | / | 280 |
| Tree of Ages | 1 | 320 | / | 180 |
| Tree of Eternity | 1 | 330 | / | 200 |
| Watch Tower | 3 | 330 | / | 240 |
| Altar of Storms | 1 | 180 | / | 50 |
| Orc Burrow | 7 | 1120 | / | 280 |
| War Mill | 1 | 205 | / | 0 |
| Great Hall | 1 | 385 | / | 185 |
| Barracks | 1 | 180 | / | 50 |
| Voodoo Lounge | 2 | 260 | / | 60 |
| Beastiary | 3 | 435 | / | 420 |
| Stronghold | 1 | 315 | / | 190 |
| Fortress | 1 | 325 | / | 190 |
| total: | 56 | 9845g | / | 4655w |
| 0:04 | Wisp |
| 0:04 | Wisp |
| 0:04 | Wisp |
| 0:09 | Peon |
| 0:09 | Peon |
| 0:09 | Peon |
| 0:15 | Wisp |
| 0:15 | Wisp |
| 0:23 | Moon Well |
| 0:26 | Altar of Storms |
| 0:37 | Altar of Elders |
| 0:42 | Orc Burrow |
| 0:44 | Peon |
| 0:50 | Altar of Elders |
| 0:51 | Wisp |
| 0:52 | Wisp |
| 0:52 | Wisp |
| 0:55 | Peon |
| 0:55 | Peon |
| 0:55 | Peon |
| 1:16 | Wisp |
| 1:24 | War Mill |
| 1:42 | Moon Well |
| 1:46 | Ancient of War |
| 1:48 | Wisp |
| 2:10 | Wisp |
| 2:10 | Wisp |
| 2:30 | Feral Spirit |
| 2:37 | Force of Nature |
| 2:42 | Stronghold |
| 2:44 | Tree of Ages |
| 3:09 | Archer |
| 3:09 | Archer |
| 3:16 | Orc Burrow |
| 3:31 | Tree of Life |
| 3:40 | Tree of Life |
| 3:49 | Archer |
| 3:51 | Moon Well |
| 3:54 | Moon Well |
| 4:13 | Orc Burrow |
| 4:37 | Chain Lighting |
| 4:40 | Entangling Roots |
| 4:43 | Archer |
| 4:44 | Archer |
| 5:07 | Beastiary |
| 5:08 | Beastiary |
| 5:10 | Ancient of Wind |
| 5:11 | Ancient of Wind |
| 5:13 | Wisp |
| 5:13 | Wisp |
| 5:29 | Hunter's Hall |
| 5:36 | Orc Burrow |
| 5:38 | Steel Ranged Weapons |
| 5:38 | Steel Armor |
| 5:51 | Peon |
| 6:02 | Wisp |
| 6:02 | Wisp |
| 6:02 | Wisp |
| 6:02 | Wisp |
| 6:03 | Wisp |
| 6:05 | Archer |
| 6:14 | Wind Rider |
| 6:17 | Wind Rider |
| 6:19 | Hippogryph |
| 6:35 | Hippogryph |
| 6:37 | Wind Rider |
| 6:50 | Great Hall |
| 6:56 | Hippogryph |
| 7:12 | Hippogryph |
| 7:18 | Wind Rider |
| 8:04 | Hippogryph |
| 8:15 | Improved Bows |
| 8:17 | Strength of the Moon |
| 8:17 | Moon Armor |
| 8:19 | Hippogryph |
| 8:20 | Fortress |
| 8:21 | Wind Rider |
| 8:37 | Feral Spirit |
| 8:58 | Entangling Roots |
| 9:02 | Archer |
| 9:05 | Moon Well |
| 9:06 | Moon Well |
| 9:07 | Moon Well |
| 9:11 | Wind Rider |
| 9:13 | Thorium Ranged Weapons |
| 9:24 | Orc Burrow |
| 9:42 | Peon |
| 9:42 | Peon |
| 9:42 | Peon |
| 9:43 | Peon |
| 9:47 | Archer |
| 9:47 | Archer |
| 9:47 | Archer |
| 9:50 | Tree of Eternity |
| 9:52 | Hippogryph |
| 9:54 | Archer |
| 9:54 | Archer |
| 10:30 | Peon |
| 10:30 | Peon |
| 10:32 | Wind Rider |
| 10:44 | Envenomed Spears |
| 10:59 | Thorium Armor |
| 11:03 | Hippogryph |
| 11:05 | Archer |
| 11:05 | Archer |
| 11:07 | Improved Strength of the Moon |
| 11:07 | Improved Moon Armor |
| 11:44 | Tree of Life |
| 11:54 | Arcanite Ranged Weapons |
| 12:04 | Orc Burrow |
| 12:11 | Orc Burrow |
| 12:17 | Hex |
| 13:48 | Wind Rider |
| 13:48 | Wind Rider |
| 13:49 | Peon |
| 13:49 | Peon |
| 13:49 | Peon |
| 13:52 | Hippogryph |
| 13:53 | Hippogryph |
| 13:53 | Hippogryph |
| 14:09 | Force of Nature |
| 14:13 | Wind Rider |
| 14:15 | Wind Rider |
| 14:19 | Advanced Strength of the Moon |
| 14:20 | Advanced Moon Armor |
| 14:21 | Archer |
| 14:22 | Archer |
| 14:22 | Archer |
| 14:22 | Archer |
| 14:23 | Archer |
| 16:27 | Wisp |
| 16:27 | Wisp |
| 16:27 | Wisp |
| 16:28 | Wisp |
| 16:28 | Wisp |
| 16:43 | Marksmanship |
| 17:05 | Hippogryph |
| 17:05 | Hippogryph |
| 17:19 | Barracks |
| 17:20 | Voodoo Lounge |
| 17:34 | Wisp |
| 17:34 | Wisp |
| 17:34 | Wisp |
| 17:35 | Wisp |
| 17:35 | Wisp |
| 17:35 | Wisp |
| 17:35 | Wisp |
| 17:35 | Wisp |
| 17:38 | Ancient Protector |
| 17:38 | Ancient Protector |
| 17:39 | Ancient Protector |
| 17:40 | Ancient Protector |
| 17:40 | Ancient Protector |
| 17:41 | Ancient Protector |
| 17:42 | Ancient Protector |
| 17:43 | Ancient Protector |
| 17:45 | Ancient Protector |
| 17:49 | Ancient Protector |
| 17:50 | Ancient Protector |
| 17:51 | Ancient Protector |
| 17:58 | Scroll of Town Portal |
| 18:23 | Tree of Life |
| 18:33 | Troll Batrider |
| 18:33 | Troll Batrider |
| 18:33 | Troll Batrider |
| 18:33 | Troll Batrider |
| 18:33 | Troll Batrider |
| 18:33 | Troll Batrider |
| 18:33 | Troll Batrider |
| 18:34 | Troll Batrider |
| 19:02 | Beastiary |
| 19:14 | Voodoo Lounge |
| 19:36 | Well Spring |
| 19:42 | Tree of Life |
| 20:10 | Entangling Roots |
| 20:23 | Scroll of Town Portal |
| 20:25 | Troll Batrider |
| 20:25 | Troll Batrider |
| 20:25 | Troll Batrider |
| 20:25 | Troll Batrider |
| 20:25 | Troll Batrider |
| 20:25 | Troll Batrider |
| 20:26 | Troll Batrider |
| 20:26 | Troll Batrider |
| 21:26 | Troll Batrider |
| 23:00 | Troll Batrider |
| 23:10 | Liquid Fire |
| 23:20 | Wisp |
| 23:20 | Wisp |
| 23:46 | Chain Lighting |
| 23:50 | Ultravision |
| 24:17 | Tree of Life |
| 25:13 | Hippogryph |
| 25:13 | Hippogryph |
| 25:41 | Healing Wave |
| 26:33 | Hippogryph |
| 26:34 | Archer |
| 26:34 | Archer |
| 26:35 | Archer |
| 26:35 | Archer |
| 27:27 | Scroll of Town Portal |
| 27:28 | Potion of Lesser Invulnerability |
| 28:02 | Scroll of Town Portal |
| 28:02 | Boots of Speed |
| 28:03 | Potion of Lesser Invulnerability |
| 28:07 | Archer |
| 28:07 | Archer |
| 28:07 | Archer |
| 28:07 | Archer |
| 28:07 | Archer |
| 28:07 | Archer |
| 28:09 | Hippogryph |
| 28:09 | Hippogryph |
| 32:00 | Ancient Protector |
| 32:00 | Ancient Protector |
| 32:01 | Ancient Protector |
| 32:02 | Ancient Protector |
| 32:03 | Ancient Protector |
| 32:04 | Ancient Protector |
| 32:08 | Nature's Blessing |
| 33:25 | Archer |
| 33:26 | Archer |
| 33:26 | Archer |
| 33:27 | Hippogryph |
| 33:28 | Hippogryph |
| 34:31 | Potion of Mana |
| 34:31 | Scroll of Speed |
| 34:31 | Scroll of Town Portal |
| 34:32 | Orb of Lightning |
| 37:24 | Reinforced Defenses |
| 38:46 | Watch Tower |
| 38:47 | Watch Tower |
| 38:47 | Watch Tower |
| Right click | 1558 |
| Select | 1116 |
| Select group | 704 |
| Build/train/purchase | 228 |
| Use ability | 132 |
| Misc. action | 124 |
| Assign group | 29 |
| Minimap ping | 23 |
| Resource trade | 11 |
| Esc | 8 |
| Chat | 4 |
111 units @ 10.5k
/ 2.1k
118 buildings @ 10.7k
/ 4.7k
DudeWhy
(236)
(40:04) : 

| Orb of Fire | 3 | 975 |
| Staff of Sanctuary | 2 | 500 |
| total: | 5 | 1475g |
| Peasant | 16 | 1200 | / | 0 |
| Footman | 4 | 540 | / | 0 |
| Mortar Team | 9 | 1620 | / | 630 |
| total: | 29 | 3360g | / | 630w |
| Scout Tower | 21 | 630 | / | 420 |
| Arcane Tower | 1 | 70 | / | 50 |
| Guard Tower | 4 | 280 | / | 200 |
| Altar of Kings | 2 | 360 | / | 100 |
| Farm | 11 | 880 | / | 220 |
| Barracks | 1 | 160 | / | 60 |
| Town Hall | 5 | 1925 | / | 1025 |
| Lumber Mill | 2 | 240 | / | 0 |
| Blacksmith | 1 | 140 | / | 60 |
| Arcane Vault | 2 | 260 | / | 60 |
| Workshop | 1 | 140 | / | 140 |
| Keep | 1 | 320 | / | 210 |
| Castle | 1 | 360 | / | 210 |
| total: | 46 | 4735g | / | 2085w |
| 0:29 | Peasant |
| 0:33 | Altar of Kings |
| 0:35 | Peasant |
| 0:47 | Farm |
| 0:48 | Peasant |
| 1:01 | Barracks |
| 1:02 | Peasant |
| 1:06 | Peasant |
| 1:28 | Farm |
| 1:31 | Peasant |
| 1:57 | Peasant |
| 2:08 | Footman |
| 2:10 | Farm |
| 2:13 | Peasant |
| 2:36 | Footman |
| 2:41 | Storm Bolt |
| 2:42 | Peasant |
| 2:50 | Peasant |
| 2:53 | Farm |
| 3:21 | Peasant |
| 3:22 | Footman |
| 4:10 | Peasant |
| 4:16 | Town Hall |
| 4:20 | Town Hall |
| 4:30 | Scout Tower |
| 4:31 | Scout Tower |
| 5:04 | Arcane Tower |
| 5:09 | Lumber Mill |
| 5:37 | Keep |
| 6:08 | Guard Tower |
| 6:37 | Blacksmith |
| 6:57 | Improved Lumber Harvesting |
| 6:57 | Improved Masonry |
| 7:02 | Footman |
| 8:22 | Castle |
| 9:15 | Workshop |
| 9:37 | Altar of Kings |
| 10:00 | Flare |
| 10:01 | Mortar Team |
| 10:37 | Farm |
| 10:38 | Farm |
| 10:39 | Farm |
| 10:45 | Farm |
| 10:48 | Farm |
| 11:03 | Fragmentation Shards |
| 11:12 | Farm |
| 12:07 | Farm |
| 12:46 | Lumber Mill |
| 13:03 | Holy Light |
| 14:10 | Storm Bolt |
| 14:12 | Divine Shield |
| 14:13 | Divine Shield |
| 14:29 | Mortar Team |
| 15:13 | Mortar Team |
| 15:49 | Holy Light |
| 17:13 | Bash |
| 17:15 | Bash |
| 17:49 | Town Hall |
| 18:20 | Holy Light |
| 19:41 | Mortar Team |
| 19:41 | Mortar Team |
| 21:28 | Peasant |
| 21:28 | Peasant |
| 23:32 | Arcane Vault |
| 23:40 | Divine Shield |
| 23:53 | Arcane Vault |
| 25:10 | Storm Bolt |
| 25:14 | Peasant |
| 25:14 | Peasant |
| 25:22 | Scout Tower |
| 25:23 | Scout Tower |
| 25:23 | Scout Tower |
| 25:24 | Scout Tower |
| 25:24 | Scout Tower |
| 25:25 | Scout Tower |
| 25:26 | Scout Tower |
| 25:27 | Scout Tower |
| 25:27 | Scout Tower |
| 25:28 | Scout Tower |
| 25:35 | Divine Shield |
| 26:21 | Guard Tower |
| 26:25 | Scout Tower |
| 26:25 | Scout Tower |
| 26:25 | Scout Tower |
| 26:30 | Scout Tower |
| 26:30 | Scout Tower |
| 26:35 | Scout Tower |
| 26:35 | Scout Tower |
| 26:40 | Guard Tower |
| 26:43 | Orb of Fire |
| 26:45 | Orb of Fire |
| 26:45 | Staff of Sanctuary |
| 26:50 | Staff of Sanctuary |
| 27:09 | Mortar Team |
| 27:57 | Holy Light |
| 29:16 | Mortar Team |
| 30:30 | Scout Tower |
| 30:32 | Scout Tower |
| 30:35 | Guard Tower |
| 32:11 | Orb of Fire |
| 32:58 | Avatar |
| 34:40 | Mortar Team |
| 34:42 | Mortar Team |
| 35:15 | Town Hall |
| 37:44 | Town Hall |
| 38:10 | Bash |
| Right click | 1864 |
| Select group | 757 |
| Select | 419 |
| Misc. action | 117 |
| Use ability | 85 |
| Build/train/purchase | 70 |
| Assign group | 19 |
| Minimap ping | 11 |
| Resource trade | 9 |
| Item give/drop | 1 |
| Remove unit | 1 |

| Staff of Preservation | 1 | 150 |
| Lesser Clarity Potion | 2 | 140 |
| Scroll of Town Portal | 2 | 700 |
| Boots of Speed | 1 | 250 |
| Staff of Teleportation | 1 | 150 |
| Periapt of Vitality | 1 | 325 |
| Orb of Fire | 1 | 325 |
| total: | 9 | 2040g |
| Wisp | 22 | 1320 | / | 0 |
| Druid of the Claw | 1 | 255 | / | 80 |
| total: | 23 | 1575g | / | 80w |
| Altar of Elders | 2 | 360 | / | 100 |
| Moon Well | 7 | 1260 | / | 280 |
| Ancient of Wonders | 2 | 180 | / | 60 |
| Hunter's Hall | 1 | 210 | / | 100 |
| Tree of Life | 2 | 680 | / | 370 |
| Ancient of Lore | 1 | 155 | / | 145 |
| Tree of Ages | 1 | 320 | / | 180 |
| Tree of Eternity | 1 | 330 | / | 200 |
| total: | 15 | 2845g | / | 1055w |
| 0:05 | Altar of Elders |
| 0:05 | Wisp |
| 0:07 | Wisp |
| 0:26 | Wisp |
| 0:32 | Moon Well |
| 0:36 | Wisp |
| 0:48 | Wisp |
| 0:59 | Wisp |
| 1:02 | Wisp |
| 1:14 | Wisp |
| 1:18 | Moon Well |
| 1:26 | Wisp |
| 1:31 | Wisp |
| 1:38 | Wisp |
| 2:05 | Wisp |
| 2:20 | Fan of Knives |
| 2:35 | Moon Well |
| 3:12 | Tree of Ages |
| 3:33 | Ancient of Wonders |
| 3:40 | Ancient of Wonders |
| 4:01 | Blink |
| 4:19 | Moon Well |
| 4:22 | Moon Well |
| 5:56 | Hunter's Hall |
| 6:08 | Scroll of Town Portal |
| 6:11 | Staff of Preservation |
| 6:21 | Tree of Eternity |
| 7:20 | Ancient of Lore |
| 8:02 | Ultravision |
| 8:02 | Reinforced Hides |
| 8:57 | Druid of the Claw Adept Training |
| 9:03 | Boots of Speed |
| 9:03 | Staff of Teleportation |
| 10:05 | Druid of the Claw |
| 10:36 | Well Spring |
| 10:38 | Improved Reinforced Hides |
| 11:58 | Altar of Elders |
| 13:04 | Moon Well |
| 13:23 | Moon Well |
| 15:29 | Fan of Knives |
| 18:35 | Tree of Life |
| 20:36 | Wisp |
| 20:37 | Wisp |
| 20:37 | Wisp |
| 20:50 | Blink |
| 21:39 | Wisp |
| 23:03 | Wisp |
| 25:43 | Fan of Knives |
| 26:22 | Scroll of Town Portal |
| 29:09 | Orb of Fire |
| 29:13 | Lesser Clarity Potion |
| 31:33 | Periapt of Vitality |
| 31:49 | Tree of Life |
| 33:28 | Lesser Clarity Potion |
| 34:12 | Spirit of Vengeance |
| 35:32 | Wisp |
| 37:37 | Wisp |
| 37:37 | Wisp |
| 37:37 | Wisp |
| 37:37 | Wisp |
| Right click | 1475 |
| Select | 194 |
| Select group | 144 |
| Misc. action | 139 |
| Build/train/purchase | 91 |
| Use ability | 37 |
| Resource trade | 17 |
| Chat | 11 |
| Minimap ping | 8 |
| Item give/drop | 6 |
| Assign group | 3 |
| Remove unit | 1 |
GIGA
(207)
(40:05) : 

| Peasant | 14 | 1050 | / | 0 |
| Flying Machine | 45 | 4500 | / | 1350 |
| total: | 59 | 5550g | / | 1350w |
| Scout Tower | 37 | 1110 | / | 740 |
| Arcane Tower | 5 | 350 | / | 250 |
| Guard Tower | 12 | 840 | / | 600 |
| Altar of Kings | 1 | 180 | / | 50 |
| Farm | 14 | 1120 | / | 280 |
| Lumber Mill | 1 | 120 | / | 0 |
| Blacksmith | 1 | 140 | / | 60 |
| Workshop | 3 | 420 | / | 420 |
| Keep | 1 | 320 | / | 210 |
| Castle | 1 | 360 | / | 210 |
| total: | 57 | 3090g | / | 1550w |
| 0:02 | Peasant |
| 0:02 | Peasant |
| 0:05 | Altar of Kings |
| 0:07 | Farm |
| 0:09 | Peasant |
| 0:21 | Peasant |
| 0:34 | Peasant |
| 0:38 | Farm |
| 0:50 | Lumber Mill |
| 0:54 | Peasant |
| 1:46 | Peasant |
| 1:47 | Peasant |
| 1:47 | Peasant |
| 1:47 | Peasant |
| 1:52 | Improved Lumber Harvesting |
| 2:29 | Peasant |
| 2:36 | Scout Tower |
| 3:03 | Storm Bolt |
| 3:19 | Peasant |
| 3:19 | Peasant |
| 3:22 | Arcane Tower |
| 3:26 | Scout Tower |
| 3:29 | Peasant |
| 3:51 | Scout Tower |
| 3:51 | Scout Tower |
| 3:52 | Scout Tower |
| 3:53 | Scout Tower |
| 3:57 | Keep |
| 3:59 | Improved Masonry |
| 4:00 | Guard Tower |
| 4:03 | Scout Tower |
| 4:04 | Scout Tower |
| 4:08 | Scout Tower |
| 4:09 | Scout Tower |
| 4:15 | Scout Tower |
| 4:16 | Scout Tower |
| 4:18 | Scout Tower |
| 4:18 | Scout Tower |
| 4:19 | Scout Tower |
| 4:19 | Scout Tower |
| 4:33 | Guard Tower |
| 4:41 | Guard Tower |
| 4:53 | Guard Tower |
| 4:57 | Guard Tower |
| 5:01 | Guard Tower |
| 5:12 | Scout Tower |
| 5:13 | Scout Tower |
| 5:14 | Scout Tower |
| 5:15 | Scout Tower |
| 5:18 | Scout Tower |
| 5:19 | Scout Tower |
| 5:22 | Scout Tower |
| 5:22 | Scout Tower |
| 5:23 | Scout Tower |
| 5:24 | Scout Tower |
| 5:25 | Scout Tower |
| 5:25 | Scout Tower |
| 5:48 | Guard Tower |
| 5:50 | Guard Tower |
| 5:58 | Bash |
| 5:59 | Bash |
| 6:12 | Guard Tower |
| 6:15 | Arcane Tower |
| 6:18 | Arcane Tower |
| 6:29 | Guard Tower |
| 6:57 | Guard Tower |
| 7:00 | Scout Tower |
| 7:01 | Scout Tower |
| 7:06 | Scout Tower |
| 7:07 | Scout Tower |
| 7:16 | Castle |
| 7:20 | Advanced Masonry |
| 7:26 | Farm |
| 8:03 | Arcane Tower |
| 8:05 | Scout Tower |
| 8:05 | Scout Tower |
| 8:09 | Guard Tower |
| 8:16 | Scout Tower |
| 8:17 | Scout Tower |
| 8:18 | Scout Tower |
| 8:42 | Blacksmith |
| 9:18 | Arcane Tower |
| 9:22 | Workshop |
| 9:24 | Workshop |
| 9:35 | Black Gunpowder |
| 9:37 | Imbued Masonry |
| 10:05 | Flak Cannons |
| 10:07 | Flying Machine |
| 10:07 | Flying Machine |
| 10:12 | Workshop |
| 10:17 | Farm |
| 10:29 | Farm |
| 10:31 | Farm |
| 10:36 | Refined Gunpowder |
| 10:40 | Flying Machine |
| 10:41 | Flying Machine |
| 10:41 | Flying Machine |
| 10:47 | Farm |
| 11:03 | Flying Machine |
| 11:03 | Flying Machine |
| 11:04 | Flying Machine |
| 11:06 | Flying Machine Bombs |
| 11:21 | Flying Machine |
| 11:21 | Flying Machine |
| 11:24 | Farm |
| 11:27 | Holy Light |
| 11:42 | Flying Machine |
| 11:42 | Flying Machine |
| 11:42 | Flying Machine |
| 11:43 | Flying Machine |
| 11:46 | Farm |
| 11:51 | Farm |
| 12:00 | Imbued Gunpowder |
| 12:00 | Iron Plating |
| 12:03 | Flying Machine |
| 12:15 | Flying Machine |
| 12:16 | Flying Machine |
| 13:02 | Flying Machine |
| 13:03 | Flying Machine |
| 13:46 | Flying Machine |
| 13:46 | Flying Machine |
| 13:46 | Flying Machine |
| 13:46 | Flying Machine |
| 13:52 | Storm Bolt |
| 14:05 | Farm |
| 14:07 | Farm |
| 14:33 | Flying Machine |
| 14:39 | Flying Machine |
| 14:40 | Flying Machine |
| 15:50 | Farm |
| 17:31 | Flying Machine |
| 17:31 | Flying Machine |
| 17:31 | Flying Machine |
| 17:32 | Flying Machine |
| 22:57 | Flying Machine |
| 22:57 | Flying Machine |
| 23:04 | Flying Machine |
| 23:04 | Flying Machine |
| 23:05 | Flying Machine |
| 23:05 | Flying Machine |
| 23:05 | Flying Machine |
| 23:05 | Flying Machine |
| 24:01 | Flying Machine |
| 24:04 | Farm |
| 25:26 | Storm Bolt |
| 25:29 | Holy Light |
| 25:40 | Flying Machine |
| 25:41 | Flying Machine |
| 25:46 | Flying Machine |
| 31:36 | Avatar |
| 34:30 | Resurrection |
| 35:33 | Flying Machine |
| 35:33 | Flying Machine |
| 35:34 | Flying Machine |
| Right click | 2781 |
| Select group | 1898 |
| Select | 566 |
| Build/train/purchase | 106 |
| Assign group | 43 |
| Minimap ping | 23 |
| Resource trade | 12 |
| Use ability | 7 |
| Chat | 4 |
| Esc | 3 |
| Misc. action | 2 |
| Item give/drop | 1 |
| Remove unit | 1 |
⇛